Map: Oxide LE

Players

Vindicta

  • Race: Terran Terran

MaSa - Winner!

  • Race: Terran Terran

Event: DreamHack SC2 Masters 2021 Fall

VOD

Have the link to the VOD?

Description

Time

  • Played on: Aug. 7, 2021, 3:19 p.m.
  • Length: 13:34

All games in this series

Show
View Real Time Build Order
Export as new Build Order

Vindicta Terran 

Build Orders:  

Get SALT Encoding   

  12  0:00  SCV  
  13  0:12  SCV  
  14  0:17  Supply Depot  
  14  0:24  SCV  
  15  0:38  SCV  
  15  0:40  Barracks  
  16  0:46  Refinery  
  16  0:51  SCV  
  16  0:53  Refinery  
  17  1:03  SCV  
  18  1:15  SCV  
  19  1:26  Reaper  
  19  1:28  Supply Depot, Orbital Command  
  20  1:45  Factory  
  20  1:55  SCV  
  22  2:05  Barracks Reactor  
  22  2:07  SCV  
  22  2:19  SCV  
  23  2:29  Hellion  
  25  2:31  SCV  
  25  2:41  Reaper x2  
  27  2:45  Command Center  
  27  2:47  SCV  
  28  2:53  Hellion  
  30  3:02  Supply Depot, SCV  
  31  3:09  Starport  
  31  3:17  Factory Tech Lab  
  31  3:23  Marine x2, SCV  
  34  3:33  Refinery  
  34  3:35  SCV  
  34  3:37  Cyclone  
  36  3:46  Marine x2  
  36  3:48  SCV  
  39  3:55  Starport Tech Lab  
  39  4:00  SCV  
  39  4:01  Orbital Command  
  36  4:04  Marine x2  
  38  4:11  Siege Tank  
  38  4:12  SCV  
  38  4:15  Raven  
  43  4:22  Marine x2  
  45  4:24  SCV  
  45  4:28  SCV  
  47  4:35  Supply Depot  
  47  4:36  SCV  
  48  4:40  SCV  
  48  4:43  Marine, Siege Tank  
  53  4:46  Marine  
  54  4:54  Supply Depot  
  54  4:57  SCV x2, Raven  
  54  4:58  Supply Depot  
  58  5:02  Marine  
  59  5:09  SCV x2  
  59  5:10  Marine  
  62  5:19  Marine  
  62  5:20  Siege Tank  
  62  5:21  SCV x2  
  68  5:27  Supply Depot  
  68  5:34  SCV  
  69  5:43  SCV  
  69  5:44  Command Center  
  71  5:50  SCV  
  71  5:52  Siege Tank  
  74  6:01  Viking x2  
  74  6:03  SCV, Stimpack  
  73  6:08  Marine, SCV  
  75  6:12  Refinery  
  75  6:17  SCV  
  75  6:18  Barracks  
  76  6:20  SCV  
  76  6:21  Barracks  
  77  6:32  Viking x2  
  76  6:35  SCV, Siege Tank  
  76  6:36  SCV  
  81  6:42  Engineering Bay  
  81  6:44  Engineering Bay  
  81  6:47  SCV  
  81  6:48  Marine  
  81  6:49  SCV  
  81  6:52  Supply Depot  
  84  6:55  Supply Depot  
  84  6:59  Orbital Command  
  83  7:01  SCV  
  83  7:04  SCV  
  83  7:07  Siege Tank  
  89  7:13  SCV, Terran Infantry Weapons Level 1  
  90  7:16  Terran Infantry Armor Level 1, SCV  
  90  7:17  Barracks Reactor  
  90  7:19  Barracks Reactor, Marine  
  89  7:25  SCV x2  
  89  7:26  Viking  
  89  7:28  SCV, Viking  
  90  7:38  SCV  
  90  7:39  SCV  
  90  7:40  SCV  
  90  7:41  Marine  
  89  7:44  Combat Shield  
  89  7:45  Barracks  
  89  7:47  Barracks  
  89  7:50  SCV  
  89  7:51  SCV  
  90  7:54  SCV  
  90  7:56  Viking  
  90  7:57  Marine  
  90  7:58  Marine x2, Viking  
  87  7:59  Marine x2  
  92  8:05  SCV  
  92  8:11  Siege Tank  
  90  8:15  Marine, Orbital Command  
  90  8:16  Marine x3  
  90  8:17  Marine  
  90  8:18  SCV  
  94  8:26  SCV, Medivac  
  84  8:30  SCV  
  84  8:32  Marine  
  84  8:33  Marine  
  84  8:34  Marine x3  
  85  8:35  Marine, Barracks Reactor  
  85  8:39  SCV  
  87  8:42  SCV  
  87  8:43  Medivac  
  87  8:50  Marine  
  87  8:51  Marine x2  
  87  8:52  Marine  
  87  8:53  Marine  
  87  8:54  Barracks Reactor  
  91  8:56  Siege Tank  
  91  8:57  Medivac  
  91  9:02  SCV  
  97  9:06  SCV, Orbital Command  
  97  9:08  Marine  
  97  9:09  Marine x2  
  101  9:13  Marine  
  105  9:17  Medivac  
  105  9:21  SCV  
  105  9:22  SCV  
  106  9:24  Armory  
  106  9:34  SCV  
  106  9:35  Concussive Shells  
  106  9:36  SCV x2  
  111  9:39  Marine, Medivac  
  111  9:44  Marine, Barracks Tech Lab  
  115  9:46  SCV  
  115  9:53  Missile Turret  
  115  9:55  Marine, Missile Turret  
  116  10:02  SCV  
  116  10:04  Supply Depot  
  115  10:11  Refinery  
  115  10:12  Refinery, Supply Depot, Marauder  
  117  10:22  Missile Turret  
  117  10:25  SCV x3, Siege Tank  
  117  10:26  Marauder  
  125  10:33  Terran Infantry Armor Level 2, Terran Infantry Weapons Level 2  
  127  10:38  SCV  
  128  10:44  Marine  
  128  10:45  Terran Vehicle Weapons Level 1  
  128  10:48  Supply Depot  
  128  10:49  Supply Depot  
  129  10:50  Supply Depot, SCV x3  
  129  10:53  Marauder  
  129  10:56  Marine  
  133  10:57  Marine  
  133  10:58  Marine, Siege Tank  
  139  11:05  Barracks Tech Lab  
  137  11:17  Marauder  
  137  11:18  Marauder  
  141  11:19  SCV x2  
  141  11:24  Marauder  
  141  11:25  Command Center  
  145  11:27  Liberator x2  
  145  11:31  Siege Tank  
  153  11:33  Marine  
  153  11:34  Marine  
  153  11:38  Marauder  
  157  11:43  Marine x2  
  157  11:44  Marauder  
  157  11:46  Marauder  
  157  11:50  Marine  
  157  11:52  Marine  
  159  12:00  Marauder  
  159  12:01  Marine x2  
  160  12:03  Siege Tank  
  160  12:07  Marauder  
  164  12:08  Marine  
  164  12:10  Marine, Marauder  
  165  12:19  Marine x2  
  164  12:25  Marauder  
  164  12:26  Marine  
  164  12:27  Supply Depot  
  164  12:28  Marine  
  164  12:29  Supply Depot  
  145  12:30  Barracks  
  145  12:31  Barracks  
  145  12:32  Barracks  
  145  12:33  Supply Depot  
  145  12:35  Siege Tank  
  145  12:37  Marine x2  
  137  12:44  Marine  
  133  12:53  Supply Depot  
  122  13:03  Command Center  
  114  13:10  Marine, Marauder  
  110  13:20  Supply Depot  
Show
View Real Time Build Order
Export as new Build Order

MaSa Terran - Winner!

Build Orders: Cyclone Opening, Mech 

Get SALT Encoding   

  12  0:00  SCV  
  13  0:12  SCV  
  14  0:17  Supply Depot  
  14  0:24  SCV  
  15  0:38  SCV, Barracks  
  16  0:44  Refinery  
  16  0:50  Refinery  
  16  0:54  SCV  
  17  1:06  SCV  
  18  1:18  SCV  
  19  1:25  Reaper  
  20  1:30  Orbital Command  
  20  1:38  Supply Depot  
  20  1:49  Factory  
  20  1:55  SCV  
  20  1:59  Reaper  
  22  2:08  SCV  
  23  2:22  SCV  
  24  2:23  Command Center  
  24  2:32  Factory Tech Lab  
  24  2:35  SCV  
  25  2:38  Supply Depot  
  25  2:47  SCV  
  25  2:50  Cyclone  
  29  2:58  Starport  
  29  2:59  SCV  
  30  3:09  Barracks Tech Lab  
  30  3:11  SCV  
  31  3:22  Cyclone  
  31  3:23  SCV  
  35  3:32  Refinery  
  35  3:34  Orbital Command  
  35  3:35  SCV  
  35  3:38  Refinery  
  36  3:48  SCV  
  29  4:00  SCV  
  29  4:02  SCV  
  28  4:09  Raven  
  30  4:12  SCV  
  30  4:14  SCV  
  32  4:23  Siege Tank  
  36  4:24  SCV  
  36  4:26  SCV  
  37  4:36  SCV  
  37  4:37  Barracks Reactor  
  37  4:38  SCV  
  39  4:48  SCV  
  39  4:50  SCV  
  39  4:52  Raven  
  43  4:59  Siege Tank  
  46  5:00  SCV  
  46  5:02  SCV  
  46  5:04  Command Center  
  48  5:12  SCV  
  48  5:13  Marine x2  
  51  5:14  SCV  
  51  5:18  Factory  
  51  5:20  Supply Depot  
  52  5:24  SCV  
  52  5:26  SCV  
  54  5:38  Supply Depot  
  54  5:42  SCV x2, Siege Tank, Supply Depot  
  59  5:44  Viking  
  61  5:50  Viking  
  61  5:56  SCV x2  
  61  6:09  SCV x2  
  63  6:12  Siege Tank  
  63  6:14  Siege Tank  
  69  6:21  SCV x2  
  68  6:31  Viking x2  
  70  6:33  SCV x2  
  72  6:43  Barracks Reactor, Supply Depot  
  72  6:44  Siege Tank  
  72  6:45  SCV x2, Factory  
  77  6:55  Siege Tank  
  77  6:57  SCV  
  77  6:58  SCV  
  82  7:04  Viking x2  
  86  7:09  SCV  
  86  7:11  SCV  
  86  7:12  Refinery  
  86  7:14  Refinery  
  88  7:16  Supply Depot, Siege Tank  
  88  7:21  SCV  
  92  7:23  SCV  
  93  7:33  SCV  
  93  7:34  Viking  
  93  7:35  SCV  
  93  7:36  SCV  
  94  7:38  Siege Tank  
  94  7:39  Viking  
  96  7:45  SCV  
  96  7:47  SCV  
  99  7:56  Siege Tank  
  99  7:57  SCV  
  103  7:59  SCV  
  103  8:00  Orbital Command  
  103  8:04  Viking  
  103  8:10  SCV, Liberator  
  103  8:12  SCV  
  106  8:22  SCV  
  106  8:23  Command Center  
  106  8:24  SCV  
  106  8:26  SCV  
  106  8:30  Siege Tank  
  109  8:35  Supply Depot  
  109  8:37  Hellion  
  109  8:40  Hellion  
  109  8:44  Viking  
  109  8:45  Armory  
  109  8:46  Supply Depot, Armory  
  109  8:56  Viking, SCV x3  
  114  9:04  Hellion  
  114  9:08  Hellion, Siege Tank x2, SCV  
  125  9:16  Supply Depot  
  125  9:17  Factory  
  125  9:18  Supply Depot, Engineering Bay  
  125  9:25  Supply Depot  
  125  9:26  Supply Depot  
  125  9:29  Factory  
  125  9:34  Viking x2, SCV x3  
  125  9:37  Terran Vehicle Weapons Level 1  
  132  9:40  Terran Vehicle And Ship Armor Level 1  
  132  9:42  Hellion, Siege Tank  
  132  9:43  Hellion  
  139  9:50  Sensor Tower  
  139  9:52  Missile Turret  
  139  9:54  Supply Depot  
  139  9:56  Hellion  
  139  9:59  SCV  
  142  10:04  Planetary Fortress, Hellion  
  144  10:07  SCV  
  144  10:10  SCV  
  144  10:12  Factory Reactor, Factory Tech Lab  
  146  10:14  Siege Tank  
  146  10:17  Siege Tank  
  149  10:26  Hellion  
  149  10:27  Hellion  
  153  10:32  Refinery  
  153  10:33  Refinery, Sensor Tower  
  153  10:34  Infernal Pre-Igniter, Siege Tank, Missile Turret  
  156  10:38  Viking  
  156  10:39  Missile Turret  
  158  10:43  Viking  
  158  10:46  SCV x3  
  158  10:47  SCV  
  166  10:50  Hellion x2  
  166  10:53  Siege Tank  
  171  11:00  Hellion x2  
  171  11:02  Missile Turret  
  171  11:04  Missile Turret  
  171  11:06  Sensor Tower  
  171  11:07  Siege Tank, Hellion  
  172  11:11  SCV  
  172  11:12  SCV  
  172  11:16  Viking x2  
  178  11:26  Starport  
  178  11:27  Starport  
  178  11:41  Siege Tank  
  178  11:46  Viking x2  
  179  12:09  Siege Tank  
  180  12:16  Supply Depot  
  180  12:20  Viking  
  180  12:21  Viking  
  180  12:22  Viking  
  178  12:23  Siege Tank  
  178  12:24  Siege Tank  
  173  12:38  Supply Depot  
  173  12:39  Supply Depot  
  173  12:41  Siege Tank  
  166  13:04  Viking x2  
  165  13:17  Command Center x2  

Tags
 
Add a new tag
Caveats
  • Supply blocks, unpowered buildings, or Contaminate may cause inaccurate times.
  • Supply counts are checked every 10 seconds.